 Dungeon Crawl Stone Soup version 0.25.1-2-g60ff931df9 (webtiles) character file.

Game seed: 8776028042215039833

828 solopath the Digger (level 8, -13/52 HPs)
             Began as a Formicid Earth Elementalist on Oct 24, 2020.
             Mangled by a wyvern (15 damage)
             ... on level 5 of the Dungeon.
             The game lasted 00:15:00 (5617 turns).

solopath the Digger (Formicid Earth Elementalist)   Turns: 5617, Time: 00:15:01

Health: -13/52     AC:  4    Str: 14    XL:     8   Next: 18%
Magic:  10/14      EV: 12    Int: 16    God:
Gold:   448        SH:  0    Dex: 11    Spells: 5/15 levels left

rFire    . . .     SeeInvis +   v - +2 dagger (freeze)
rCold    . . .     Gourm    .   (no shield)
rNeg     . . .     Faith    .   c - +0 robe
rPois    .         Spirit   .   (helmet unavailable)
rElec    .         Reflect  .   (no cloak)
rCorr    .         Harm     .   l - +1 pair of gloves
MR       +....                  (no boots)
Stlth    +++.......             t - amulet of regeneration
HPRegen  0.57/turn              q - ring of see invisible
MPRegen  0.14/turn              (no ring)

@: no status effects
A: permanent stasis, dig shafts and tunnels, four strong arms, antennae 3, magic
resistance 1, MP-powered wands
a: Dig, Shaft Self


You were on level 5 of the Dungeon.
You were not hungry.

You visited 1 branch of the dungeon, and saw 5 of its levels.
You also visited: Sewer and Ossuary.

You collected 448 gold pieces.

Inventory:

Hand Weapons
 f - a +0 falchion
 v - a +2 dagger of freezing (weapon)
Missiles
 b - 25 stones (quivered)
Armour
 c - a +0 robe (worn)
 l - a +1 pair of gloves (worn)
Jewellery
 h - an uncursed amulet of guardian spirit
 q - a ring of see invisible (left hand)
 t - an amulet of regeneration (around neck)
Scrolls
 a - 6 scrolls of identify
 g - 3 scrolls of teleportation
 k - 3 scrolls of amnesia
 n - 3 scrolls of fear
 o - 2 scrolls of blinking {unknown}
 u - a scroll of enchant armour
Potions
 e - 2 potions of lignification {unknown}
 j - 3 potions of degeneration
 m - a potion of might {unknown}
 p - 2 potions of curing
 r - 3 potions of brilliance {unknown}
 s - 2 potions of resistance
 x - 4 potions of stabbing {unknown}
Comestibles
 d - 6 rations


   Skills:
 - Level 2.0(2.3) Short Blades
 + Level 1.7(2.2) Long Blades
 - Level 1.8 Dodging
 * Level 6.4 Stealth
 + Level 4.0 Spellcasting
 + Level 3.3 Transmutations
 * Level 6.6 Earth Magic


You had 5 spell levels left.
You knew the following spells:

 Your Spells              Type           Power        Failure   Level  Hunger
a - Sandblast             Erth           ###...       1%          1    None
b - Passwall              Tmut/Erth      ###.....     3%          2    ##.....
c - Stone Arrow           Conj/Erth      ##....       13%         3    ###....
d - Petrify               Tmut/Erth      ###.....     22%         4    ####...

Your spell library contained the following spells:

 Spells                   Type           Power        Failure   Level  Hunger
 Lee's Rapid Deconstruct  Erth           ###.......   30%         5    ######.


Dungeon Overview and Level Annotations

Branches:
Dungeon (5/15)             Temple (0/1) D:4           Sewer (visited)
Ossuary (visited)

Altars:
Dithmenos
Kikubaaqudgha
Sif Muna

Shops:
D:5 (%

Annotations:
D:5 Duvessa


Innate Abilities, Weirdness & Mutations

You cannot be hasted, slowed, berserked, paralysed or teleported.
You can dig through walls and to a lower floor.
Your four strong arms can wield two-handed weapons with a shield.
You have a pair of large antennae on your head. (SInv)
You are resistant to hostile enchantments. (MR+)
You expend magic power (3 MP) to strengthen your wands.


Message History

Casting: Sandblast (safe; 1% risk of failure)
Confirm with . or Enter, or press ? or * to list all spells.
Aiming: Sandblast (safe; 1% risk of failure)
Press: ? - help, Shift-Dir - straight line, f/p - wyvern
Aim: a wyvern (moderately wounded)
The blast of sand hits the wyvern!
The wyvern is heavily wounded.
b - 26 stones The wyvern closely misses you.
The wyvern bites you!!
* * * LOW HITPOINT WARNING * * *
Casting: Sandblast (safe; 1% risk of failure)
Confirm with . or Enter, or press ? or * to list all spells.
Aiming: Sandblast (safe; 1% risk of failure)
Press: ? - help, Shift-Dir - straight line, f/p - wyvern
Aim: a wyvern (heavily wounded)
The blast of sand hits the wyvern.
The wyvern is severely wounded.
b - 25 stones The wyvern bites you!
You die...

****,,,,,,,.<..........>##.# *
,,,,,,,,,,,.)...........##.# #
****,***+##*.#..........##.# ####
*,,,,,,..,#####..#...##.# #...
****,***,*##?###.#..#...##.###.##
,,,*,* *,,l.........#...##.#.#.##
**,*,* *,*##.#..)..............##
,,,,,***,###.###.#...............
,,>,,,,,,.......@...#######..#.##
,,,,,,,,,..).###l#..# #..#.##
**,*****,##*,**#Z#..#* #..#.##
*,*,,,,,,,,,,,......#****#..####
*,,,,,,,,,,,,,......^.,,,.......
*,*,,,,,**,**##........,........
*,*,,,,,**,* #...*#.##*##..####
**,*,,,,,**,***#...#*,,,,,...#...
,,,,,,,,,,,,,,,,,,,,*#.***##.#...


You could see a wyvern and a killer bee zombie.

Vanquished Creatures
  An ogre (D:5)
  A big kobold (Sewer)
  A scorpion (D:5)
  A bullfrog skeleton (D:3)
  A centaur skeleton (D:5)
  2 orc priests
  A hound (D:4)
  3 orc wizards
  2 worker ants
  A big kobold zombie (Ossuary)
  A hound skeleton (D:4)
  8 mummies (Ossuary)
  6 adders
  A river rat (Sewer)
  An ooze (Sewer)
  6 worms
  2 dart slugs
  3 leopard geckos
  16 orcs
  8 giant cockroaches
  5 goblins
  5 hobgoblins
  6 jackals
  18 kobolds
  3 quokkas
  8 ball pythons
  2 bats (D:1)
  4 frilled lizards (D:1)
  A gnoll zombie (Ossuary)
  4 hobgoblin zombies (Ossuary)
  A kobold zombie (Ossuary)
  An orc zombie (Ossuary)
  9 rats
133 creatures vanquished.

Notes
Turn   | Place    | Note
-------+----------+-------------------------------------------
     0 | D:1      | solopath the Formicid Earth Elementalist began the quest
                  | for the Orb.
     0 | D:1      | Reached XP level 1. HP: 13/13 MP: 3/3
   386 | D:1      | Reached XP level 2. HP: 19/19 MP: 5/5
  1053 | D:1      | Reached XP level 3. HP: 16/24 MP: 6/6
  1057 | D:1      | Learned a level 2 spell: Passwall
  1061 | D:1      | Learned a level 3 spell: Stone Arrow
  1882 | D:2      | Found an ancient bone altar of Kikubaaqudgha.
  2602 | D:3      | Reached skill level 1 in Short Blades
  2602 | D:3      | Reached XP level 4. HP: 6/30 MP: 3/8
  2611 | D:3      | Gained mutation: You have sharp toenails. [potion of
                  | mutation]
  2611 | D:3      | Gained mutation: You possess an exceptional clarity of
                  | mind. [potion of mutation]
  2611 | D:3      | Gained mutation: You are partially covered in iridescent
                  | scales. (AC +2) [potion of mutation]
  2611 | D:3      | Gained mutation: Your flesh is heat resistant. (rF+)
                  | [potion of mutation]
  2761 | D:3      | Found a glowing drain.
  2809 | D:3      | Reached XP level 5. HP: 15/35 MP: 4/9
  2824 | Sewer    | Entered a sewer
  2936 | Sewer    | Noticed a big kobold
  2947 | Sewer    | Killed a big kobold
  2947 | Sewer    | Reached skill level 5 in Earth Magic
  3093 | Sewer    | Reached XP level 6. HP: 41/41 MP: 10/10
  4414 | D:4      | Reached skill level 5 in Stealth
  4420 | D:4      | Learned a level 4 spell: Petrify
  4535 | D:4      | Reached XP level 7. HP: 36/46 MP: 10/12
  4574 | D:4      | Lost mutation: Your flesh is heat resistant. (rF+) [potion
                  | of mutation]
  4574 | D:4      | Lost mutation: You are partially covered in iridescent
                  | scales. (AC +2) [potion of mutation]
  4574 | D:4      | Lost mutation: You possess an exceptional clarity of mind.
                  | [potion of mutation]
  4574 | D:4      | Gained mutation: You are partially covered in large bone
                  | plates. (SH +4) [potion of mutation]
  4574 | D:4      | Gained mutation: You are partially covered in icy blue
                  | scales. (AC +2) [potion of mutation]
  4574 | D:4      | Gained mutation: You expend magic power (3 MP) to
                  | strengthen your wands. [potion of mutation]
  4745 | D:4      | Found a staircase to the Ecumenical Temple.
  4779 | D:4      | Found a shimmering blue altar of Sif Muna.
  4936 | D:4      | You fall into a shaft and drop 1 floor!
  4936 | D:5      | Entered Level 5 of the Dungeon
  4940 | D:5      | Noticed Duvessa
  4952 | D:5      | Found a shadowy altar of Dithmenos.
  4981 | D:5      | Found a sand-covered staircase.
  4985 | D:5      | Reached skill level 1 in Long Blades
  4991 | D:5      | Found Hekhloik's Food Shoppe.
  5022 | D:5      | Found Vanimuat's Antique Weapon Emporium.
  5086 | Ossuary  | Entered an ossuary
  5420 | Ossuary  | Reached XP level 8. HP: 32/52 MP: 11/13
  5498 | Ossuary  | Lost mutation: You are partially covered in icy blue
                  | scales. (AC +2) [potion of mutation]
  5498 | Ossuary  | Lost mutation: You are partially covered in large bone
                  | plates. (SH +4) [potion of mutation]
  5498 | Ossuary  | Lost mutation: You have sharp toenails. [potion of
                  | mutation]
  5498 | Ossuary  | Gained mutation: Your mind is acute. (Int +2) [potion of
                  | mutation]
  5498 | Ossuary  | Lost mutation: Your mind is acute. (Int +2) [potion of
                  | mutation]
  5498 | Ossuary  | Gained mutation: You are resistant to hostile enchantments.
                  | (MR+) [potion of mutation]
  5608 | D:5      | Noticed a wyvern
  5616 | D:5      | HP: 1/52 [wyvern (18)]
  5617 | D:5      | Mangled by a wyvern

Illustrated notes

Levels and vault maps discovered:
D:1:      elethiomel_arrival_infinity_welcomes_careful_drivers,
          layout_loops_corners, minmay_split_cup_small
D:2:      wander_river, layout_basic, kiku_gazebo_garden_becter
D:3:      layout_basic, gup_sewer_entry_spiral, grunt_ministairs_1
D:4:      layout_loops_ring, led_sif_pool, minmay_temple_entry_statues_fountains
D:5:      layout_basic, nicolae_dithmenos_shadow_blocks, first_ration,
          serial_shops, shop, nicolae_shop_crystal, shop, nicolae_shop_trees,
          nicolae_shop_behind_doors, nicolae_ossuary_entry_ruins, uniq_menkaure,
          uniq_duvessa

Skill      XL: |  1  2  3  4  5  6  7  8 |
---------------+-------------------------+-----
Earth Magic    | 4 5 6 |  6.6
Stealth        | 3 4 5 6 |  6.4
Short Blades   | 1 2 |  2.0
Spellcasting   | 3 4 |  4.0
Transmutations | 2 3 |  3.3
Long Blades    | 1 |  1.7
Dodging        | |  1.8

Action                   |  1- 3 |  4- 6 |  7- 9 || total
-------------------------+-------+-------+-------++-------
Melee: Short sword       |    53 |   172 |     1 ||   226
       Unarmed           |     4 |       |       ||     4
       Kick              |       |    35 |    21 ||    56
       Dagger            |       |       |    82 ||    82
 Cast: Sandblast         |    19 |    56 |    38 ||   113
 Abil: Dig               |       |     3 |       ||     3
  Use: Scroll            |     6 |     2 |     4 ||    12
       Potion            |       |     5 |     4 ||     9
 Stab: Sleeping          |     4 |     7 |     5 ||    16
       Distracted        |       |       |     1 ||     1
  Eat: Chunk             |     5 |     7 |     4 ||    16
Armor: Robe              |     7 |    58 |    15 ||    80
Dodge: Dodged            |    35 |   128 |    44 ||   207
Block: Other             |       |       |    10 ||    10
